 Dungeon Crawl Stone Soup version 0.26.1-2-gb8aa6d0cf2 (webtiles) character file.

Game seed: 6205143673497105876

65 Morgon the Skirmisher (level 4, -3/29 HPs)
             Began as a Kobold Berserker on Mar 17, 2021.
             Was a Believer of Trog.
             Slain by a quokka (4 damage)
             ... on level 2 of the Dungeon.
             The game lasted 00:06:33 (1278 turns).

Morgon the Skirmisher (Kobold Berserker)            Turns: 1278, Time: 00:06:33

Health: -3/29      AC:  3    Str: 14    XL:     4   Next: 34%
Magic:  4/4        EV: 15    Int:  8    God:    Trog [**....]
Gold:   119        SH:  0    Dex: 15    Spells: 3/3 levels left

rFire    + . .     SeeInvis .   a - +2 mace (protect)
rCold    . . .     Faith    .   (shield restricted)
rNeg     . . .     Spirit   .   l - +0 leather armour
rPois    .         Reflect  .   (no helmet)
rElec    .         Harm     .   (no cloak)
rCorr    .         Rampage  .   (no gloves)
Will     .....                  (no boots)
Stlth    ++........             (no amulet)
HPRegen  0.09/turn              m - ring of protection from fire (curse)
MPRegen  0.09/turn              (no ring)

@: berserk cooldown, slowed, very slow
A: small, nightstalker 3
a: Renounce Religion, Berserk, Trog's Hand


You were on level 2 of the Dungeon.
You worshipped Trog.
Trog was pleased with you.
You visited 1 branch of the dungeon, and saw 2 of its levels.

You collected 119 gold pieces.

Inventory:

Hand Weapons
 a - a +2 mace of protection (weapon)
 b - a +0 mace
Missiles
 i - 9 sling bullets
 j - 18 poisoned darts
Armour
 g - a +0 animal skin
 l - a +0 leather armour (worn)
Jewellery
 m - a cursed ring of protection from fire (left hand)
Scrolls
 e - a scroll of remove curse {unknown}
 k - 6 scrolls of identify {unknown}
 o - a scroll of enchant armour {unknown}
 p - a scroll of teleportation {unknown}
Potions
 c - 4 potions of degeneration {unknown}
 d - a potion of lignification {unknown}
 f - a potion of ambrosia {unknown}
 h - 3 potions of might {unknown}
 n - a potion of curing {unknown}


   Skills:
 + Level 4.0 Fighting
 + Level 3.7 Maces & Flails
 - Level 1.5 Armour
 + Level 2.9 Dodging


You had 3 spell levels left.
You didn't know any spells.
Your spell library was empty.

Dungeon Overview and Level Annotations

Branches:
Dungeon (2/15)

Altars:


Innate Abilities, Weirdness & Mutations

You are small and have problems with some larger weapons.
You are completely attuned to the shadows.


Message History

You are no longer berserk.
You are exhausted.
You feel yourself slow down.
Unknown command.
Things that are here:
a +0 club; a frilled lizard corpse; a kobold corpse
Items here: ( )) ††.
p - a scroll labelled DIPHALAN BAOMM You now have 119 gold pieces (gained 13).
You start resting.
A quokka is nearby!
The quokka misses you. The quokka bites you.
* * * LOW HITPOINT WARNING * * *
The quokka bites you.
* * * LOW HITPOINT WARNING * * *
You barely miss the quokka. The quokka bites you.
* * * LOW HITPOINT WARNING * * *
The quokka bites you.
You die...

###....##)#.....)...>##
#####..†##.#............
........#.#............
##...............†.....
#.....................
#.......####..........
## #.#.....# ##.##...[..
..##...###.# #..###.....
.......#@#.# #.## #.####
....(##r##.# ##.####.#
.....#)#...# #..#....#
...##.##..)# #.##.####
...#.#.....###....#
###.# ......####### ..#
......### .. ####....#
##....#####


You could see a quokka.

Vanquished Creatures
  An adder (D:2)
  2 worms (D:2)
  2 dart slugs (D:1)
  4 bats
  5 giant cockroaches
  3 goblins (D:1)
  7 hobgoblins
  3 jackals (D:1)
  A ball python skeleton (D:2)
  5 frilled lizards
  5 kobolds
  4 rats
42 creatures vanquished.

Vanquished Creatures (others)
  A plant (D:1)
1 creature vanquished.

Grand Total: 43 creatures vanquished

Notes
Turn   | Place    | Note
-------+----------+-------------------------------------------
     0 | D:1      | Morgon the Kobold Berserker began the quest for the Orb.
     0 | D:1      | Reached XP level 1. HP: 14/14 MP: 1/1
    97 | D:1      | Reached XP level 2. HP: 19/19 MP: 2/2
   328 | D:1      | Reached XP level 3. HP: 18/24 MP: 3/3
   518 | D:1      | Reached ** piety under Trog
  1015 | D:2      | Reached skill level 4 in Fighting
  1024 | D:2      | Reached XP level 4. HP: 25/29 MP: 4/4
  1278 | D:2      | HP: 1/29 [quokka (1)]
  1278 | D:2      | Slain by a quokka

Illustrated notes

Levels and vault maps discovered:
D:1:      tarquinn_simple_flora_water_e, layout_basic, serial_bayou_lake_a
D:2:      layout_rooms, minmay_vboxes

Skill      XL: |  1  2  3 |
---------------+----------+-----
Maces & Flails | 3 |  3.7
Fighting       | 4 |  4.0
Armour         | |  1.5
Dodging        | |  2.9

Action                   |  1- 3 |  4- 6 || total
-------------------------+-------+-------++-------
Melee: Mace              |    83 |    27 ||   110
Invok: Berserk           |       |     1 ||     1
 Stab: Sleeping          |     5 |       ||     5
Armor: Animal skin       |    11 |       ||    11
       Leather armour    |    12 |    13 ||    25
Dodge: Dodged            |    71 |    14 ||    85
